 Dungeon Crawl Stone Soup version 0.32-a0-918-g0f22ef8d61 (webtiles) character file.

Game seed: 8595485025040282139

30249 KennySheep the Markself (level 13, -4/72 HPs)
             Began as a Deep Elf Brigand on Apr 12, 2024.
             Was a High Priest of Trog.
             Splashed by a goliath frog's acid (6 damage)
             ... on level 5 of the Lair of Beasts.
             The game lasted 01:11:46 (14644 turns).

KennySheep the Markself (Deep Elf Brigand)         Turns: 14644, Time: 01:11:48

Health: -4/72      AC: 16    Str: 12    XL:     13   Next: 19%
Magic:  0/15       EV: 16    Int: 20    God:    Trog [*****.]
Gold:   900        SH: 10    Dex: 18    Spells: 12/12 levels left

rFire   . . .        a - +1 hand cannon (flame)
rCold   . . .        W - +0 kite shield
rNeg    . . .        l - +5 ring mail of Fedhas's Grace {rElec Regen+ Str+4}
rPois   .            s - +0 helmet
rElec   +            c - +0 cloak
rCorr   .            R - +1 pair of gloves {Stlth+}
SInv    .            (no boots)
Will    +....        u - amulet of guardian spirit
Stlth   +++++        p - +4 ring of protection
HPRegen 1.12/turn    n - +5 ring of evasion
MPRegen 0.14/turn

%: guardian spirit
@: lethally poisoned (-4 -> -5), about to teleport, corroded
A: no striking features
a: Renounce Religion, Berserk, Trog's Hand, Brothers in Arms


You were on level 5 of the Lair of Beasts.
You worshipped Trog.
Trog was extremely pleased with you.
You visited 3 branches of the dungeon, and saw 18 of its levels.
You also visited: Volcano.

You collected 1184 gold pieces.
You spent 284 gold pieces at shops.

Inventory:

Hand Weapons
 a - a +1 hand cannon of flaming (weapon)
 b - a +4 dagger of chaos
 V - a +2 longbow of freezing
Missiles
 d - 41 poisoned darts
 e - 7 curare-tipped darts
 S - 3 atropa-tipped darts
Armour
 c - a +0 cloak (worn)
 h - a +2 pair of gloves
 l - the +5 ring mail of Fedhas's Grace (worn) {rElec Regen+ Str+4}
   (You found it on level 2 of the Dungeon)

   Str+4:     It affects your strength (+4).
   rElec:     It insulates you from electricity.
   Regen+:    It increases your rate of health regeneration.
 s - a +0 helmet (worn)
 K - a +0 chain mail of fire resistance
 O - the +0 ring mail "Miqauq" {rF++}
   (You found it on level 3 of the Lair of Beasts)

   rF++:      It greatly protects you from fire.
 R - a +1 pair of gloves of stealth (worn)
 W - a +0 kite shield (worn)
Jewellery
 f - a ring of see invisible
 n - a +5 ring of evasion (right hand)
 p - a +4 ring of protection (left hand)
 q - a +6 ring of strength
 u - an amulet of guardian spirit (around neck)
 F - a ring of protection from cold
 Y - a ring of magical power
Wands
 g - a wand of digging (5)
 y - a wand of flame (60)
 G - a wand of paralysis (9)
 I - a wand of mindburst (19)
 N - a wand of quicksilver (10)
 P - a wand of roots (7)
Scrolls
 j - a scroll of torment
 m - 3 scrolls of fog
 t - a scroll of immolation
 v - 5 scrolls of noise
 w - 5 scrolls of enchant armour
 B - a scroll of silence
 H - 3 scrolls of amnesia
 J - a scroll of blinking
 U - 2 scrolls of identify
 X - a scroll of revelation {unknown}
Potions
 i - 6 potions of brilliance
 k - 6 potions of curing
 o - 2 potions of lignification
 r - 2 potions of attraction
 x - a potion of enlightenment {unknown}
 z - 3 potions of cancellation {unknown}
 A - 3 potions of haste
 C - a potion of mutation {unknown}
 D - 3 potions of degeneration
 E - a potion of invisibility
 L - a potion of magic
 Q - a potion of ambrosia {unknown}


   Skills:
 - Level 5.3 Fighting
 - Level 6.5 Short Blades
 - Level 20.6 Ranged Weapons
 - Level 2.0 Throwing
 + Level 5.6 Armour
 - Level 7.3 Dodging
 - Level 10.2 Stealth
 * Level 5.0 Shields


You had 12 spell levels left.
You didn't know any spells.
Your spell library was empty.

Dungeon Overview and Level Annotations

Branches:
Dungeon (12/15)            Temple (1/1) D:7            Lair (5/5) D:11
 Shoals (0/4) Lair:3        Snake (0/4) Lair:2        Slime (0/5) Lair:4
Volcano (visited)
    Orc: D:9-12

Altars:
Ashenzari
Cheibriados
Dithmenos
Elyvilon
Fedhas
Gozag
Hepliaklqana
Kikubaaqudgha
Makhleb
Nemelex Xobeh
Okawaru
Qazlal
Ru
Sif Muna
Trog
Uskayaw
Vehumet
Wu Jian
Xom
Yredelemnul
Zin
The Shining One
Jiyva

Shops:
D:5 *(

Annotations:
D:2 1 runed translucent door, Crazy Yiuf
D:6 2 transporters
D:8 3 runed translucent doors, smashvw's ghost, novice MiBe


Message History

A six-headed hydra comes into view.
As you read the scroll of teleportation, it crumbles to dust.
You feel strangely unstable.
You feel sick.
You block the vampire mosquito's attack.
Your ogre closely misses the vampire mosquito.
A blink frog comes into view.
You block the goliath frog's attack. The vampire mosquito barely misses you.
You block the vampire mosquito's attack.
The blink frog moves out of view.
Fire: a) +1 hand cannon (flame)
Press: ? - help, Q - select action, (/) - cycle Shift-Dir - straight line, f - vampire mosquito, p - vampire mosquito
Aim: a vampire mosquito (61% to hit)
You shoot a slug.
The slug barely misses the vampire mosquito.
The slug hits the six-headed hydra!
The slug burns the six-headed hydra.
The six-headed hydra is moderately wounded.
You feel sick.
You hear a loud, deep croak!
You hear a croak.
The vampire mosquito closely misses you. x2
Your ogre closely misses the vampire mosquito.
The goliath frog completely misses you. The vampire mosquito barely misses you.
You block the vampire mosquito's attack.
Your ogre misses the vampire mosquito. The goliath frog completely misses you.
The vampire mosquito barely misses you. The vampire mosquito bites you.
* * * LOW HITPOINT WARNING * * *
The vampire mosquito draws strength from your injuries!
Fire: a) +1 hand cannon (flame)
Press: ? - help, Q - select action, (/) - cycle Shift-Dir - straight line, f/p - vampire mosquito
Aim: a vampire mosquito (magical condensation, 61% to hit)
You shoot a slug. The slug hits the vampire mosquito!
The slug burns the vampire mosquito.
The vampire mosquito is moderately damaged.
You feel sick.
You hear a loud, deep croak!
You block the vampire mosquito's attack.
The vampire mosquito closely misses you.
The goliath frog hits you from afar!
* * * LOW HITPOINT WARNING * * *
The acid corrodes you!
You are splashed with acid!
You die...

#####...##.................
#.#.....###................
##.P..#..##......w..........
##.....P.....................
#.#...P...P.P................
##...........#....PPP.# ..
#..........(....PP.PP..
#.............○...(P...
##.........O°@yD.......
##.........##y####......
#.........##.F.#P..P....
##............##F......#
##.~~~~~........F.~....
#..~~≈≈~..........~~.~~
#..~~≈~~.......#PyP~~~~
##.~~~~~.......#..~~~≈~
#.............##.FF~~≈≈


You could see a six-headed hydra, a tyrant leech (fleeing), a goliath frog, 2
vampire mosquitoes and a friendly ogre (summoned, berserk).

Vanquished Creatures
  Fannar (D:11)
  2 hydras
  A boulder beetle (Lair:4)
  4 death yaks (Lair:1)
  A two-headed ogre (D:11)
  A skyshark (Lair:3)
  2 lindwurms (Volcano)
  A harpy (Lair:3)
  Pikel (D:6)
  A cyclops (D:11)
  An elephant (D:11)
  5 molten gargoyles (Volcano)
  2 black mambas
  A torpor snail (D:11)
  11 cane toads
  A gargoyle (D:11)
  5 kobold demonologists
  4 komodo dragons
  Psyche (D:11)
  Sigmund (D:2)
  A water elemental (D:11)
  3 slime creatures (Lair:4)
  A vampire (D:11)
  4 wyverns
  3 basilisks
  2 fire elementals
  A steam dragon (D:8)
  17 yaks
  A vampire mosquito (Lair:5)
  Edmund (D:6)
  6 water moccasins
  3 nagas (Lair:2)
  4 orc warriors
  A sky beast (D:7)
  Duvessa (D:6)
  An ice beast (D:5)
  2 black bears
  9 wolves (Lair:1)
  A centaur (D:7)
  5 kobold brigands
  Blork the orc (D:6)
  10 bullfrogs
  A gnoll sergeant (D:10)
  4 scorpions
  An earth elemental (Volcano)
  12 wights
  Dowan (D:6)
  A vampire bat (D:9)
  6 howler monkeys
  4 hounds
  3 jellies
  11 orc priests
  3 sleepcaps
  Terence (D:3)
  7 iguanas
  6 orc wizards
  5 gnolls
  11 adders
  2 shadow imps
  A white imp (D:7)
  4 ufetubi (D:6)
  2 dart slugs
  31 orcs
  6 ball pythons
  10 endoplasms
  6 giant cockroaches
  2 goblins (D:3)
  6 hobgoblins
  2 jackals (D:4)
  22 kobolds
  5 quokkas
  13 bats
  3 frilled lizards
  4 rats
321 creatures vanquished.

Vanquished Creatures (collateral kills)
  2 death yaks (Lair:1)
  2 cane toads (Lair:5)
  2 blink frogs (Lair:5)
  A vampire mosquito (Lair:5)
  A bullfrog (Lair:5)
8 creatures vanquished.

Grand Total: 329 creatures vanquished

Notes
Turn   | Place    | Note
-------+----------+-------------------------------------------
     0 | D:1      | KennySheep the Deep Elf Brigand began the quest for the
                  | Orb.
     0 | D:1      | Reached XP level 1. HP: 12/12 MP: 3/3
   191 | D:1      | Reached skill level 5 in Stealth
   207 | D:1      | Reached XP level 2. HP: 17/17 MP: 4/4
   769 | D:2      | Reached XP level 3. HP: 20/21 MP: 5/5
   820 | D:2      | Identified the +5 ring mail of Fedhas's Grace {rElec Regen+
                  | Str+4}
   936 | D:2      | Found a faded altar of an unknown god.
   945 | D:2      | Prayed at the altar of an unknown god.
   945 | D:2      | Became a worshipper of Trog the Wrathful
   945 | D:2      | Reached * piety under Trog
  1017 | D:2      | Noticed Sigmund
  1046 | D:2      | Killed Sigmund
  1047 | D:2      | Reached skill level 1 in Armour
  1047 | D:2      | Reached XP level 4. HP: 20/27 MP: 6/6
  1047 | D:2      | Reached XP level 5. HP: 24/31 MP: 7/7
  1387 | D:2      | Found a runed translucent door.
  1388 | D:2      | Noticed Crazy Yiuf
  1925 | D:3      | Reached XP level 6. HP: 34/36 MP: 8/8
  2185 | D:3      | Noticed Terence
  2186 | D:3      | Found an iron altar of Okawaru.
  2216 | D:3      | Killed Terence
  2434 | D:4      | Reached ** piety under Trog
  2799 | D:4      | Reached XP level 7. HP: 40/40 MP: 9/9
  3136 | D:5      | Entered Level 5 of the Dungeon
  3277 | D:5      | Found Ucwopp's Weapon Shoppe.
  3687 | D:5      | Found Paannic's Assorted Antiques.
  3695 | D:5      | Bought a white potion for 20 gold pieces
  3695 | D:5      | Bought a scroll of identify for 46 gold pieces
  3744 | D:5      | Reached skill level 5 in Short Blades
  3906 | D:5      | Found a radiant altar of Vehumet.
  3906 | D:5      | Found an ancient bone altar of Kikubaaqudgha.
  3907 | D:5      | Found a shimmering blue altar of Sif Muna.
  4037 | D:6      | Found a hide-covered altar of Uskayaw.
  4089 | D:6      | Found a sacrificial altar of Ru.
  4107 | D:6      | Reached XP level 8. HP: 46/46 MP: 10/10
  4182 | D:6      | Noticed Blork the orc
  4202 | D:6      | Killed Blork the orc
  4203 | D:6      | Found a transporter.
  4230 | D:6      | Noticed Edmund
  4249 | D:6      | Noticed Pikel
  4322 | D:6      | Noticed Duvessa
  4322 | D:6      | Noticed Dowan
  4333 | D:6      | Killed Duvessa
  4344 | D:6      | Killed Dowan
  4543 | D:6      | Reached skill level 5 in Dodging
  4637 | D:6      | Killed Pikel
  4666 | D:6      | Found a transporter.
  4910 | D:6      | Killed Edmund
  4911 | D:6      | Reached XP level 9. HP: 48/52 MP: 11/11
  5117 | D:5      | Bought a runed longbow for 218 gold pieces
  5241 | D:7      | Reached skill level 1 in Ranged Weapons
  5246 | D:7      | Reached *** piety under Trog
  5309 | D:7      | Reached skill level 2 in Ranged Weapons
  5344 | D:7      | Reached skill level 3 in Ranged Weapons
  5356 | D:7      | Reached skill level 4 in Ranged Weapons
  5413 | D:7      | Reached skill level 5 in Ranged Weapons
  5942 | D:7      | Found a staircase to the Ecumenical Temple.
  5951 | Temple   | Entered the Ecumenical Temple
  6025 | D:8      | Reached skill level 6 in Ranged Weapons
  6102 | D:8      | Reached skill level 7 in Ranged Weapons
  6123 | D:8      | Reached skill level 8 in Ranged Weapons
  6350 | D:8      | Reached skill level 9 in Ranged Weapons
  6634 | D:8      | Reached skill level 10 in Ranged Weapons
  6758 | D:8      | Found a runed translucent gate.
  6758 | D:8      | Found a runed translucent gate.
  6758 | D:8      | Found a runed translucent gate.
  6764 | D:8      | Noticed smashvw's ghost (novice MiBe)
  7143 | D:9      | Reached XP level 10. HP: 56/56 MP: 12/12
  7412 | D:9      | Reached skill level 11 in Ranged Weapons
  7457 | D:9      | Reached **** piety under Trog
  7469 | D:9      | Noticed a soul eater
  7618 | D:9      | Found a burning altar of Makhleb.
  7618 | D:9      | Found a snail-covered altar of Cheibriados.
  7864 | D:10     | Entered Level 10 of the Dungeon
  7942 | D:10     | Found an opulent altar of Gozag.
  8066 | D:10     | Reached skill level 12 in Ranged Weapons
  8405 | D:10     | Reached skill level 13 in Ranged Weapons
  8723 | D:11     | Noticed Fannar
  8757 | D:11     | Killed Fannar
  8758 | D:11     | Reached skill level 14 in Ranged Weapons
  8777 | D:11     | Noticed a smoke demon
  8892 | D:11     | Found a staircase to the Lair.
  8936 | D:11     | Noticed a soul eater
  8938 | D:11     | Reached skill level 15 in Ranged Weapons
  9096 | D:11     | Noticed a gargoyle
  9105 | D:11     | Killed a gargoyle
  9106 | D:11     | Reached XP level 11. HP: 61/61 MP: 13/13
  9191 | D:11     | Noticed a two-headed ogre
  9214 | D:11     | Killed a two-headed ogre
  9216 | D:11     | Reached skill level 16 in Ranged Weapons
  9538 | D:11     | Noticed Psyche
  9542 | D:11     | Killed Psyche
  9602 | D:11     | Reached skill level 17 in Ranged Weapons
  9911 | Lair:1   | Entered Level 1 of the Lair of Beasts
  9936 | D:11     | Reached ***** piety under Trog
 10145 | Lair:1   | Noticed a death yak
 10239 | Lair:1   | Reached skill level 18 in Ranged Weapons
 10476 | Lair:1   | Noticed a death yak
 10483 | Lair:1   | Noticed a death yak
 10484 | Lair:1   | Killed a death yak
 10484 | Lair:1   | Noticed a death yak
 10484 | Lair:1   | Noticed a death yak
 10491 | Lair:1   | Noticed a death yak
 10518 | Lair:1   | Killed a death yak
 10529 | Lair:1   | Killed a death yak
 10530 | Lair:1   | Reached skill level 19 in Ranged Weapons
 10537 | Lair:1   | Killed a death yak
 10541 | Lair:1   | Killed a death yak
 10546 | Lair:1   | Killed a death yak
 10547 | Lair:1   | Reached XP level 12. HP: 34/66 MP: 5/14
 10917 | Lair:2   | Reached skill level 20 in Ranged Weapons
 10957 | Lair:2   | Noticed a seven-headed hydra
 10971 | Lair:2   | Killed a seven-headed hydra
 11572 | Lair:2   | Found a staircase to the Snake Pit.
 11829 | Lair:3   | Identified the +0 ring mail "Miqauq" {rF++}
 12213 | Lair:3   | Found a dark tunnel.
 12219 | Volcano  | Entered a volcano
 12219 | Volcano  | Found a sparkling altar of Nemelex Xobeh.
 12487 | Volcano  | Reached skill level 5 in Fighting
 12487 | Volcano  | Reached skill level 10 in Stealth
 13404 | Lair:3   | Found a staircase to the Shoals.
 13418 | Lair:3   | Reached skill level 1 in Shields
 13757 | Lair:4   | Noticed an eight-headed hydra
 13759 | Lair:4   | Killed an eight-headed hydra
 13787 | Lair:4   | Found a broken altar of Ashenzari.
 13873 | Lair:4   | Received a gift from Trog
 13885 | Lair:4   | Reached skill level 5 in Armour
 13921 | Lair:4   | Found a staircase to the Slime Pits.
 13921 | Lair:4   | Found a viscous altar of Jiyva.
 14024 | Lair:4   | Noticed a boulder beetle
 14040 | Lair:4   | Reached XP level 13. HP: 57/72 MP: 9/15
 14532 | Lair:5   | Entered Level 5 of the Lair of Beasts
 14640 | Lair:5   | Reached skill level 5 in Shields
 14644 | Lair:5   | HP: 2/72 [goliath frog (10)]
 14644 | Lair:5   | Splashed by a goliath frog's acid

Illustrated notes

Levels and vault maps discovered:
D:1:      dpeg_arrival_yet_another_circle, layout_rooms
D:2:      layout_loops_ring, shapermc_ecumenical_altar_totnotflames,
          minmay_guardbox, uniq_crazy_yiuf_cottage, uniq_sigmund
D:3:      kb_forest_paths, layout_basic, okawaru_gym_becter,
          chequers_serial_rivers_micro_e, uniq_terence
D:4:      layout_loops_ring
D:5:      layout_rooms, grunt_temple_overflow_magic_moments, serial_shops,
          nicolae_shop_crystal, nicolae_shop_bloodbath_and_beyond,
          grunt_decor_clamped
D:6:      gammafunk_steamed_eel, layout_cave_pools, grunt_temple_overflow_open,
          minmay_misc_feat_rugged, uniq_pikel, uniq_edmund, uniq_duvessa,
          uniq_blork_the_orc
D:7:      layout_basic, temple_hall, minmay_gold_behind_fungi
D:8:      layout_loops_ring, gammafunk_ghost_necromancy
D:9:      layout_loops_corners, chequers_temple_overflow_statue_of_worship,
          hangedman_glass_teeth, roderic_batcave
D:10:     layout_loops_ring, grunt_gozag_breadcrumbs
D:11:     layout_basic, david_lair_generic, uniq_psyche, uniq_fannar
D:12:     layout_irregular_city, erik_orc_2
Temple:   oiseaux_autumnal_temple
Lair:1:   layout_gridlike, lemuel_fruit_tree
Lair:2:   layout_small_grid, minmay_snake_entry_guardpost_medium
Lair:3:   layout_chaotic_city, mainiacjoe_shoals_entry_four_pools,
          nicolae_volcano_entry_s_turn
Lair:4:   layout_small_grid, minmay_slime_entry_pillars, basic_altar
Lair:5:   minmay_lair_end_frog_pond, layout_gridlike, uniq_sonja

Skill      XL: |  1  2  3  4  5  6  7  8  9 10 11 12 13 |
---------------+----------------------------------------+-----
Stealth        | 5 6 7 8 9 10 | 10.2
Dodging        | 2 3 4 5 7 |  7.3
Fighting       | 2 3 4 5 |  5.3
Short Blades   | 3 4 5 6 |  6.5
Armour         | 1 2 3 5 |  5.6
Ranged Weapons | 10 15 19 20 | 20.6
Shields        | 3 5 |  5.0
Throwing       | |  2.0

Action                     |  1- 3 |  4- 6 |  7- 9 | 10-12 | 13-15 || total
---------------------------+-------+-------+-------+-------+-------++-------
  Melee: Dagger            |   110 |   260 |   510 |       |       ||   880
         Longbow           |       |       |     1 |     1 |       ||     2
         Short sword       |       |       |       |    22 |       ||    22
   Fire: Longbow           |       |       |   156 |   492 |       ||   648
         Hand cannon       |       |       |       |    91 |    48 ||   139
  Throw: Dart              |       |       |     5 |       |       ||     5
 Invoke: Berserk           |       |     2 |     6 |     1 |       ||     9
         Brothers in Arms  |       |       |       |     1 |     1 ||     2
    Use: Scroll            |     2 |     2 |     6 |     6 |     2 ||    18
         Potion            |       |       |     4 |     5 |       ||     9
   Stab: Sleeping          |     6 |     8 |     4 |     1 |       ||    19
         Distracted        |       |     1 |     1 |       |       ||     2
 Armour: Leather armour    |    29 |       |       |       |       ||    29
         Robe              |     2 |       |       |       |       ||     2
         Ring mail         |    20 |   109 |   370 |   258 |    20 ||   777
  Dodge: Dodged            |    57 |   121 |   339 |   288 |    32 ||   837
  Block: Kite shield       |       |       |       |    44 |    24 ||    68

Table legend: (Time is in decaauts)
 A = Elapsed time spent in this place.
 B = Non-inter-level travel time spent in this place.
 C = Inter-level travel time spent in this place.
 D = Time resting spent in this place.
 E = Time spent auto-exploring this place.
 F = Levels seen in this place.
 G = Mean time per level.
                   A        B        C        D        E       F      G
               +--------+--------+--------+--------+--------+-----+--------+
         Total |  14647 |  13524 |   1123 |    882 |   9090 |  19 |  770.9 |
       Dungeon |  10164 |   9379 |    785 |    451 |   6322 |  12 |  847.0 |
        Temple |      1 |      1 |      0 |      0 |      0 |   1 |    1.0 |
          Lair |   4085 |   3748 |    337 |    215 |   2675 |   5 |  817.0 |
       Volcano |    396 |    396 |      0 |    215 |     93 |   1 |  396.0 |
               +--------+--------+--------+--------+--------+-----+--------+

Top non-repeatable levels by time:
    D:11: 1516 daAuts
  Lair:3: 1191 daAuts
     D:8: 1005 daAuts
     D:6: 985 daAuts
  Lair:1: 981 daAuts
     D:3: 978 daAuts
  Lair:2: 976 daAuts
     D:5: 972 daAuts
     D:9: 905 daAuts
     D:2: 873 daAuts
    D:10: 846 daAuts
     D:7: 845 daAuts
  Lair:4: 814 daAuts
     D:4: 718 daAuts
     D:1: 516 daAuts
